AoeStats
← Shiboridashi

Arabian Desert

510328395Analyzed
1v1 RM · 3d ago on Sep 30, 2026· 77m 49s· 2 players
Game mode
Random Map
Map size
Tiny (2 player)
Population
200
Speed
Normal
Resources
Standard
Victory
Conquest
Starting age
Dark Age
Ending age
Imperial Age
RankedLock teamsTeams togetherTeam positionsShared explorationLock speedFull tech treeHidden civsTurbo modeCheats
Victory
Defeat
🇺🇸 Magyars · United States
1053
+16
🇫🇷 Teutons · France
1046
-16
Shiboridashi
7:07 Loom
10:04 Feudal Age
10:32 Double-Bit Axe
19:14 Castle Age
17:26 Horse Collar
18:33 Bloodlines
18:59 Forging
21:04 Bow Saw
20:56 Heavy Plow
21:14 Fletching
23:47 Elite Skirmisher
25:46 Padded Archer Armor
34:35 Leather Archer Armor
36:31 Town Watch
37:11 Bodkin Arrow
39:08 Wheelbarrow
42:55 Imperial Age
42:23 Scale Barding Armor
42:56 Iron Casting
44:16 Chain Barding Armor
43:25 Cavalier
44:07 Arrowslits
46:23 Plate Barding Armor
47:05 Hand Cart
49:35 Crop Rotation
50:04 Ballistics
57:21 Scale Mail Armor
57:25 Gold Mining
57:23 Pikeman
61:25 Chain Mail Armor
72:54 Blast Furnace
The Imperial Age
7:08 Loom
9:38 Feudal Age
18:28 Castle Age
17:02 Fletching
18:20 Double-Bit Axe
22:36 Bodkin Arrow
34:39 Scale Barding Armor
36:35 Bloodlines
42:44 Imperial Age
41:31 Wheelbarrow
41:39 Bow Saw
42:28 Chain Barding Armor
42:31 Husbandry
43:01 Cavalier
44:51 Plate Barding Armor
45:34 Hand Cart
46:13 Conscription
48:00 Town Watch
56:54 Pikeman
57:10 Capped Ram
62:29 Thumb Ring
63:52 Gold Mining
64:06 Town Patrol
64:28 Horse Collar
66:07 Fervor
66:13 Block Printing
66:53 Light Cavalry
67:36 Bracer
69:16 Halberdier
69:25 Hussar
70:41 Ballistics
73:32 Elite Magyar Huszar
74:47 Elite Skirmisher
Connection lost

Rejoining the realm…

Still unreachable

The connection could not be restored.

Session expired

The server has moved on; the page needs a fresh start.